 Dungeon Crawl Stone Soup version 0.21.1-1-g345015f (webtiles) character file.

2990 tidbits the Martial Artist (level 9, 0/68 HPs)
             Began as a Gnoll Transmuter on Mar 21, 2018.
             Was a Believer of Cheibriados.
             Slain by Ferkelamun's ghost (19 damage)
             ... on level 8 of the Dungeon.
             The game lasted 00:22:44 (2135 turns).

tidbits the Martial Artist (Gnoll Transmuter)       Turns: 2135, Time: 00:22:46

Health: 0/68       AC:  2    Str: 18    XL:     9   Next: 83%
Magic:  12/19      EV: 17    Int: 24    God:    Cheibriados [**....]
Gold:   167        SH:  0    Dex: 20    Spells: 3/21 levels left

rFire    . . .     SeeInvis .     - Unarmed
rCold    . . .     Gourm    .   (shield currently unavailable)
rNeg     . . .     Faith    +   b - +0 robe
rPois    .         Spirit   .   (no helmet)
rElec    .         Reflect  .   (no cloak)
rCorr    .         Harm     .   (gloves currently unavailable)
MR       .....                  (no boots)
Stlth    +++.......             m - amulet of faith
HPRegen  0.21/turn              (no ring)
MPRegen  0.16/turn              (no ring)

@: blade hands, very slightly contaminated, very slow
A: distributed training, fangs 1, strong nose
a: End Transformation, Bend Time, Renounce Religion


You were on level 8 of the Dungeon.
You worshipped Cheibriados.
Cheibriados was pleased with you.
You were not hungry.
You had blades for hands.
You visited 2 branches of the dungeon, and saw 9 of its levels.
You also visited: Sewer.

You collected 167 gold pieces.

Inventory:

Hand Weapons
 f - a +0 dagger
 h - a +0 hand crossbow
 l - a +0 short sword
 u - a +0 hand crossbow
 y - a +0 blowgun
 D - a +3 flail of holy wrath
   (You took it off Edmund on level 6 of the Dungeon)
Missiles
 a - 15 arrows
 n - 2 throwing nets (quivered) {!f}
 z - 7 poisoned needles
 B - 14 bolts
Armour
 b - a +0 robe (worn)
 k - a +0 ring mail
 E - a +2 ring mail of cold resistance
   (You took it off Edmund on level 6 of the Dungeon)
 G - a +0 pair of gloves (melded)
 J - a +0 pair of gloves
Jewellery
 m - an amulet of faith (around neck)
   (You found it on level 2 of the Dungeon)
Wands
 C - a wand of enslavement (6)
Scrolls
 e - 2 scrolls of enchant weapon
 q - 2 scrolls of remove curse
 r - 4 scrolls of teleportation
 v - a scroll of fear
 F - a scroll of enchant armour {unknown}
 H - a scroll of blinking {unknown}
Potions
 g - 4 potions of heal wounds
 j - 2 potions of haste
 o - 2 potions of might
 p - 2 potions of brilliance
 s - a potion of ambrosia
 t - 2 potions of curing
 x - a potion of berserk rage {unknown}
 A - a potion of agility {unknown}
Books
 d - a book of Changes

   Spells                             Type                      Level
   a - Beastly Appendage              Transmutation                1
   b - Sticks to Snakes               Transmutation                2
   c - Spider Form                    Transmutation/Poison         3
   d - Ice Form                       Ice/Transmutation            4
   e - Blade Hands                    Transmutation                5
 w - a book of Air
   (You found it on level 4 of the Dungeon)

   Spells                             Type                      Level
   a - Shock                          Conjuration/Air              1
   b - Swiftness                      Charms/Air                   2
   c - Static Discharge               Conjuration/Air              3
   d - Airstrike                      Air                          4
   e - Lightning Bolt                 Conjuration/Air              5
 I - a book of Misfortune
   (You found it on level 8 of the Dungeon)

   Spells                             Type                      Level
   a - Confusing Touch                Hexes                        1
   b - Confuse                        Hexes                        3
   c - Gell's Gravitas                Translocation                3
   d - Petrify                        Transmutation/Earth          4
   e - Metabolic Englaciation         Hexes/Ice                    5
   f - Yara's Violent Unravelling     Hexes/Transmutation          5
Comestibles
 c - 5 rations


   Skills:
 + Level 5.3 Fighting
 + Level 4.5 Short Blades
 + Level 4.5 Long Blades
 + Level 4.5 Axes
 + Level 4.5 Maces & Flails
 + Level 4.5 Polearms
 + Level 4.5 Staves
 + Level 4.5 Slings
 + Level 4.5 Bows
 + Level 4.5 Crossbows
 + Level 4.5 Throwing
 + Level 4.5 Armour
 + Level 6.5 Dodging
 + Level 4.5 Stealth
 + Level 4.5 Shields
 + Level 8.0 Unarmed Combat
 + Level 6.8 Spellcasting
 + Level 3.7 Conjurations
 + Level 3.7 Hexes
 + Level 3.7 Charms
 + Level 3.7 Summonings
 + Level 3.7 Necromancy
 + Level 3.7 Translocations
 + Level 5.4 Transmutations
 + Level 3.7 Fire Magic
 + Level 3.7 Ice Magic
 + Level 3.7 Air Magic
 + Level 3.7 Earth Magic
 + Level 3.7 Poison Magic
 + Level 5.0 Invocations
 + Level 4.5 Evocations


You had 3 spell levels left.
You knew the following spells:

 Your Spells              Type           Power        Failure   Level  Hunger
c - Confuse               Hex            ####....     32%         3    None
e - Beastly Appendage     Tmut           ####..       14%         1    None
h - Blade Hands           Tmut           ####......   65%         5    #####..
i - Ice Form              Ice/Tmut       ####....     47%         4    ###....
k - Sticks to Snakes      Tmut           ####....     17%         2    None
p - Spider Form           Tmut/Pois      ####......   26%         3    None


Dungeon Overview and Level Annotations

Branches:
Dungeon (8/15)             Temple (1/1) D:5
   Lair: D:8-11

Altars:
Cheibriados
Kikubaaqudgha
Okawaru
Qazlal
Sif Muna
Uskayaw
Wu Jian
Zin
The Shining One

Annotations:
D:8 Ferkelamun's ghost, novice GnFi


Innate Abilities, Weirdness & Mutations

Your experience applies equally to all skills.
You have very sharp teeth.
Your uncanny sense of smell can sniff out nearby items.


Message History

The orc priest is almost dead.
The orc priest hits you but does no damage.
You smack the orc priest!
You kill the orc priest!
Cheibriados appreciates the change of pace.
You smack the scorpion!
The scorpion is severely wounded.
Your adder withers and dies!
The scorpion barely misses you.
You pummel the scorpion!!
You kill the scorpion!
Cheibriados thoroughly appreciates the change of pace.
Wield which item (- for none, * to show all)? (? for menu, Esc to quit)
d - 5 rations (in branch) Adjust (i)tems, (s)pells, or (a)bilities?
Adjust which item? (? for menu, Esc to quit)
d - 5 rations (in branch) Adjust to which letter? (? for menu, Esc to quit)
c - 5 rations (in branch);
d - a book of Changes Memorise Confuse, consuming 3 spell levels and leaving 3?
You start memorising the spell.
You continue memorising. x3
You finish memorising.
Spell assigned to 'c'.
You swing at nothing.
You swing at nothing.
You swing at nothing.
You swing at nothing.
You swing at nothing.
You swing at nothing.
You swing at nothing.
You swing at nothing.
You swing at nothing.
You swing at nothing.
You swing at nothing.
You swing at nothing.
You swing at nothing.
You swing at nothing.
You swing at nothing.
You swing at nothing.
You swing at nothing.
Your transformation is almost over.
You swing at nothing.
You swing at nothing.
You swing at nothing.
You swing at nothing.
You swing at nothing.
You swing at nothing.
You feel less wooden.
Your +0 pair of gloves unmelds from your body.
Your +0 robe unmelds from your body.
Items here: ))))) [ †††
Okay, then.
Items here: ))))) [ ††† Butcher an orc corpse? [(y)es/(c)hoosy/(n)o/(a)ll/(e)dible/(q)uit/?]
There isn't anything edible to butcher here.
You butcher the orc corpse. x2
Items here: %% ))))) [ ÷÷ † Eat a chunk of flesh? (ye/n/q)
You eat the chunk of flesh.
This raw flesh tastes terrible.
You see here a hand axe.
You see here a spear.
Found a stone staircase leading down.
Found 8 gold pieces.
Ferkelamun's ghost (novice Gnoll Fighter) comes into view.
Casting: Ice Form
Confirm with . or Enter, or press ? or * to list all spells.
Your hands turn into razor-sharp scythe blades.
Your 5 rations fall away!
You are now empty-handed.
Your +0 pair of gloves melds into your body.
Ferkelamun's ghost turns its malevolent gaze towards you.
Casting: Blade Hands
Confirm with . or Enter, or press ? or * to list all spells.
You miscast Sticks to Snakes.
You are very lightly contaminated with residual magic.
You feel a strange surge of energy!
Casting: Sticks to Snakes
Confirm with . or Enter, or press ? or * to list all spells.
You create a snake!
You now have 15 arrows.
Your adder closely misses Ferkelamun's ghost.
Ferkelamun's ghost hits you!
* * * LOW HITPOINT WARNING * * *
Your adder closely misses Ferkelamun's ghost.
You closely miss Ferkelamun's ghost.
You bite Ferkelamun's ghost, but do no damage.
Ferkelamun's ghost hits you!!
* * * LOW HITPOINT WARNING * * *
Your adder misses Ferkelamun's ghost.
You feel much better.
Your adder closely misses Ferkelamun's ghost.
Ferkelamun's ghost hits you.
* * * LOW HITPOINT WARNING * * *
You slash Ferkelamun's ghost!
You bite Ferkelamun's ghost, but do no damage.
Ferkelamun's ghost is lightly damaged.
Your adder closely misses Ferkelamun's ghost.
Ferkelamun's ghost hits you!
* * * LOW HITPOINT WARNING * * *
You barely miss Ferkelamun's ghost. Your bite misses Ferkelamun's ghost.
Ferkelamun's ghost is lightly damaged.
Your adder bites Ferkelamun's ghost.
Ferkelamun's ghost hits you!!
You die...

...♣..#...#.###......#
....####.##.###.......
♣....................
#........##.###.......
#..#####.##.####.....#
###. ##........#
##...##
.....#...#.##..#
###.##
##..$.S............#
#....@W..##..####..#
....#.......#..# #..
#.#........##..#
#..### . ##.......##..
#....# #.#...#.##..
#.##.# ..##........
#....# ### ####.##.#
#..#.. #.# #....#
#.#####.#...


You could see Ferkelamun's ghost and a friendly adder.

Vanquished Creatures
  A two-headed ogre (D:8)
  Eustachio (D:4)
  Edmund (D:6)
  2 sky beasts
  A necrophage (D:6)
  A centaur (D:5)
  2 big kobolds (Sewer)
  2 bullfrogs
  A gnoll sergeant (D:6)
  4 scorpions
  8 wights (D:6)
  3 crimson imps
  A centaur zombie (D:6)
  2 hounds
  4 orc priests
  A jelly (D:6)
  4 orc wizards
  A bullfrog skeleton (D:7)
  2 iguanas
  Ijyb (D:5)
  2 worker ants
  7 gnolls
  8 adders
  2 river rats (Sewer)
  A shadow imp (D:7)
  An ooze (D:3)
  2 leopard geckos (D:6)
  10 orcs
  2 giant cockroaches (D:4)
  4 goblins
  2 hobgoblins (D:2)
  5 quokkas
  7 ball pythons
  A bat (D:3)
  A frilled lizard (Sewer)
  16 kobolds
  A leopard gecko skeleton (D:8)
  A quokka skeleton (D:5)
  27 rats
143 creatures vanquished.

Vanquished Creatures (collateral kills)
  An ogre (D:8)
  3 orcs
4 creatures vanquished.

Grand Total: 147 creatures vanquished

Notes
Turn   | Place    | Note
-------+----------+-------------------------------------------
     0 | D:1      | tidbits the Gnoll Transmuter began the quest for the Orb.
     0 | D:1      | Reached XP level 1. HP: 17/17 MP: 6/6
   153 | D:2      | Reached XP level 2. HP: 23/23 MP: 5/7
   157 | D:2      | Learned a level 2 spell: Sticks to Snakes
   398 | D:3      | Reached skill level 5 in Spellcasting
   398 | D:3      | Reached XP level 3. HP: 18/28 MP: 6/9
   454 | D:4      | Noticed Eustachio
   455 | D:4      | Noticed a scorpion
   462 | D:4      | Learned a level 3 spell: Spider Form
   468 | D:4      | Killed a scorpion
   468 | D:4      | Reached skill level 1 in Short Blades
   468 | D:4      | Reached skill level 1 in Long Blades
   468 | D:4      | Reached skill level 1 in Axes
   468 | D:4      | Reached skill level 1 in Maces & Flails
   468 | D:4      | Reached skill level 1 in Polearms
   468 | D:4      | Reached skill level 1 in Staves
   468 | D:4      | Reached skill level 1 in Slings
   468 | D:4      | Reached skill level 1 in Bows
   468 | D:4      | Reached skill level 1 in Crossbows
   468 | D:4      | Reached skill level 1 in Throwing
   468 | D:4      | Reached skill level 1 in Armour
   468 | D:4      | Reached skill level 1 in Stealth
   468 | D:4      | Reached skill level 1 in Shields
   468 | D:4      | Reached skill level 1 in Invocations
   468 | D:4      | Reached skill level 1 in Evocations
   468 | D:4      | Reached XP level 4. HP: 17/34 MP: 1/11
   532 | D:4      | Killed Eustachio
   532 | D:4      | Reached skill level 3 in Fighting
   532 | D:4      | Reached skill level 1 in Conjurations
   532 | D:4      | Reached skill level 1 in Hexes
   532 | D:4      | Reached skill level 1 in Charms
   532 | D:4      | Reached skill level 1 in Summonings
   532 | D:4      | Reached skill level 1 in Necromancy
   532 | D:4      | Reached skill level 1 in Translocations
   532 | D:4      | Reached skill level 4 in Transmutations
   532 | D:4      | Reached skill level 1 in Fire Magic
   532 | D:4      | Reached skill level 1 in Ice Magic
   532 | D:4      | Reached skill level 1 in Air Magic
   532 | D:4      | Reached skill level 1 in Earth Magic
   532 | D:4      | Reached skill level 1 in Poison Magic
   532 | D:4      | Reached XP level 5. HP: 13/41 MP: 0/12
   603 | D:4      | Reached skill level 2 in Invocations
   603 | D:4      | Reached XP level 6. HP: 26/47 MP: 6/13
   651 | D:5      | Entered Level 5 of the Dungeon
   655 | D:6      | Noticed an ice beast
   663 | D:5      | Learned a level 4 spell: Ice Form
   829 | D:4      | Reached skill level 2 in Short Blades
   829 | D:4      | Reached skill level 2 in Long Blades
   829 | D:4      | Reached skill level 2 in Axes
   829 | D:4      | Reached skill level 2 in Maces & Flails
   829 | D:4      | Reached skill level 2 in Polearms
   829 | D:4      | Reached skill level 2 in Staves
   829 | D:4      | Reached skill level 2 in Slings
   829 | D:4      | Reached skill level 2 in Bows
   829 | D:4      | Reached skill level 2 in Crossbows
   829 | D:4      | Reached skill level 2 in Throwing
   829 | D:4      | Reached skill level 2 in Armour
   829 | D:4      | Reached skill level 5 in Dodging
   829 | D:4      | Reached skill level 2 in Stealth
   829 | D:4      | Reached skill level 2 in Shields
   829 | D:4      | Reached skill level 2 in Evocations
   864 | D:4      | Found a glowing drain.
   873 | Sewer    | Entered a sewer
  1065 | Sewer    | Reached XP level 7. HP: 49/52 MP: 15/15
  1148 | Sewer    | Reached skill level 7 in Unarmed Combat
  1286 | D:4      | Reached skill level 2 in Conjurations
  1286 | D:4      | Reached skill level 2 in Hexes
  1286 | D:4      | Reached skill level 2 in Charms
  1286 | D:4      | Reached skill level 2 in Summonings
  1286 | D:4      | Reached skill level 2 in Necromancy
  1286 | D:4      | Reached skill level 2 in Translocations
  1286 | D:4      | Reached skill level 2 in Fire Magic
  1286 | D:4      | Reached skill level 2 in Ice Magic
  1286 | D:4      | Reached skill level 2 in Air Magic
  1286 | D:4      | Reached skill level 2 in Earth Magic
  1286 | D:4      | Reached skill level 2 in Poison Magic
  1351 | D:5      | Noticed Ijyb
  1378 | D:5      | Killed Ijyb
  1415 | D:5      | Reached skill level 3 in Invocations
  1424 | D:5      | Found a staircase to the Ecumenical Temple.
  1433 | Temple   | Entered the Ecumenical Temple
  1467 | Temple   | Became a worshipper of Cheibriados the Contemplative
  1505 | D:5      | Reached XP level 8. HP: 60/60 MP: 11/16
  1530 | D:6      | Reached skill level 4 in Fighting
  1535 | D:6      | Reached skill level 3 in Short Blades
  1535 | D:6      | Reached skill level 3 in Long Blades
  1535 | D:6      | Reached skill level 3 in Axes
  1535 | D:6      | Reached skill level 3 in Maces & Flails
  1535 | D:6      | Reached skill level 3 in Polearms
  1535 | D:6      | Reached skill level 3 in Staves
  1535 | D:6      | Reached skill level 3 in Slings
  1535 | D:6      | Reached skill level 3 in Bows
  1535 | D:6      | Reached skill level 3 in Crossbows
  1535 | D:6      | Reached skill level 3 in Throwing
  1535 | D:6      | Reached skill level 3 in Armour
  1535 | D:6      | Reached skill level 3 in Stealth
  1535 | D:6      | Reached skill level 3 in Shields
  1535 | D:6      | Reached skill level 3 in Evocations
  1591 | D:6      | Noticed Edmund
  1596 | D:6      | Reached skill level 6 in Spellcasting
  1603 | D:6      | Killed Edmund
  1673 | D:6      | Reached * piety under Cheibriados
  1705 | D:6      | Found an ornate altar of the Wu Jian Council.
  1737 | D:6      | Reached skill level 4 in Invocations
  1746 | D:6      | Reached skill level 3 in Conjurations
  1746 | D:6      | Reached skill level 3 in Hexes
  1746 | D:6      | Reached skill level 3 in Charms
  1746 | D:6      | Reached skill level 3 in Summonings
  1746 | D:6      | Reached skill level 3 in Necromancy
  1746 | D:6      | Reached skill level 3 in Translocations
  1746 | D:6      | Reached skill level 3 in Fire Magic
  1746 | D:6      | Reached skill level 3 in Ice Magic
  1746 | D:6      | Reached skill level 3 in Air Magic
  1746 | D:6      | Reached skill level 3 in Earth Magic
  1746 | D:6      | Reached skill level 3 in Poison Magic
  1754 | D:6      | Reached skill level 6 in Dodging
  1754 | D:6      | Reached XP level 9. HP: 14/66 MP: 10/18
  1755 | D:6      | HP: 2/79 [gnoll sergeant/spear (12)]
  1765 | D:6      | Reached skill level 5 in Transmutations
  1860 | D:7      | HP: 6/66 [iguana (4)]
  1866 | D:7      | Reached ** piety under Cheibriados
  1901 | D:7      | Reached skill level 4 in Short Blades
  1901 | D:7      | Reached skill level 4 in Long Blades
  1901 | D:7      | Reached skill level 4 in Axes
  1901 | D:7      | Reached skill level 4 in Maces & Flails
  1901 | D:7      | Reached skill level 4 in Polearms
  1901 | D:7      | Reached skill level 4 in Staves
  1901 | D:7      | Reached skill level 4 in Slings
  1901 | D:7      | Reached skill level 4 in Bows
  1901 | D:7      | Reached skill level 4 in Crossbows
  1901 | D:7      | Reached skill level 4 in Throwing
  1901 | D:7      | Reached skill level 4 in Armour
  1901 | D:7      | Reached skill level 4 in Stealth
  1901 | D:7      | Reached skill level 4 in Shields
  1901 | D:7      | Reached skill level 4 in Evocations
  2002 | D:8      | Learned a level 5 spell: Blade Hands
  2054 | D:8      | Noticed a two-headed ogre
  2060 | D:8      | Killed a two-headed ogre
  2060 | D:8      | Reached skill level 5 in Fighting
  2060 | D:8      | Reached skill level 8 in Unarmed Combat
  2061 | D:8      | Reached skill level 5 in Invocations
  2066 | D:8      | HP: 7/102 [orc priest/divine providence (13)]
  2079 | D:8      | Learned a level 3 spell: Confuse
  2125 | D:8      | Noticed Ferkelamun's ghost (novice GnFi)
  2132 | D:8      | HP: 5/68 [Ferkelamun's ghost (18)]
  2135 | D:8      | Slain by Ferkelamun's ghost

Skill      XL: |  1  2  3  4  5  6  7  8  9 |
---------------+----------------------------+-----
Spellcasting   | 5 6 |  6.8
Short Blades   | 1 2 3 4 |  4.5
Long Blades    | 1 2 3 4 |  4.5
Axes           | 1 2 3 4 |  4.5
Maces & Flails | 1 2 3 4 |  4.5
Polearms       | 1 2 3 4 |  4.5
Staves         | 1 2 3 4 |  4.5
Slings         | 1 2 3 4 |  4.5
Bows           | 1 2 3 4 |  4.5
Crossbows      | 1 2 3 4 |  4.5
Throwing       | 1 2 3 4 |  4.5
Armour         | 1 2 3 4 |  4.5
Stealth        | 1 2 3 4 |  4.5
Shields        | 1 2 3 4 |  4.5
Invocations    | 1 2 3 4 5 |  5.0
Evocations     | 1 2 3 4 |  4.5
Fighting       | 3 4 5 |  5.3
Conjurations   | 1 2 3 |  3.7
Hexes          | 1 2 3 |  3.7
Charms         | 1 2 3 |  3.7
Summonings     | 1 2 3 |  3.7
Necromancy     | 1 2 3 |  3.7
Translocations | 1 2 3 |  3.7
Transmutations | 4 5 |  5.4
Fire Magic     | 1 2 3 |  3.7
Ice Magic      | 1 2 3 |  3.7
Air Magic      | 1 2 3 |  3.7
Earth Magic    | 1 2 3 |  3.7
Poison Magic   | 1 2 3 |  3.7
Dodging        | 5 6 |  6.5
Unarmed Combat | 7 8 |  8.0

Action                   |  1- 3 |  4- 6 |  7- 9 || total
-------------------------+-------+-------+-------++-------
Melee: Unarmed           |    46 |   133 |   191 ||   370
       Kick              |     9 |       |       ||     9
       Bite              |     4 |       |     4 ||     8
       Punch             |     2 |       |     2 ||     4
       Short sword       |     1 |       |       ||     1
       Dagger            |       |       |    22 ||    22
 Cast: Beastly Appendage |     9 |       |       ||     9
       Sticks to Snakes  |     2 |     1 |    10 ||    13
       Spider Form       |       |     5 |       ||     5
       Ice Form          |       |     4 |    18 ||    22
       Blade Hands       |       |       |     1 ||     1
  Use: Scroll            |     7 |       |     4 ||    11
       Potion            |       |       |    14 ||    14
 Stab: Sleeping          |       |     2 |       ||     2
       Invisible         |       |       |     2 ||     2
       Distracted        |       |       |     3 ||     3
  Eat: Chunk             |       |     2 |     7 ||     9
Armor: Robe              |     8 |       |     6 ||    14
       Skin              |       |    20 |    39 ||    59
Dodge: Dodged            |    26 |    97 |   135 ||   258

Table legend:
 A = Turns spent in this place as a percentage of turns spent in the entire game.
 B = Non-inter-level travel turns spent in this place as a percentage of non-inter-level travel turns spent in the entire game.
 C = Inter-level travel turns spent in this place as a percentage of turns spent in this place.
 D = Turns resting spent in this place as a percentage of non-inter-level travel turns spent in this place.
 E = Turns spent auto-exploring this place as a percentage of non-inter-level travel turns spent in this place.
 F = Non-inter-level travel turns spent in this place divided by the number of levels of this place that you've seen.
                   A       B       C       D       E      F
               +-------+-------+-------+-------+-------+----------------------
         Total | 100.0 | 100.0 |   1.5 |   0.0 |   0.0 | 210.3
       Dungeon |  81.9 |  83.1 |   0.0 |   0.0 |   0.0 | 218.5
        Temple |   3.2 |   1.8 |  46.4 |   0.0 |   0.0 |  37.0
         Sewer |  14.9 |  15.1 |   0.0 |   0.0 |   0.0 | 318.0
               +-------+-------+-------+-------+-------+----------------------

Table legend:
 A = Kills in this place as a percentage of kills in entire the game.
 B = Kills by you in this place as a percentage of kills by you in the entire game.
 C = Kills by friends in this place as a percentage of kills by friends in the entire game.
 D = Other kills in this place as a percentage of other kills in the entire game.
 E = Experience gained in this place as a percentage of experience gained in the entire game.
 F = Experience gained in this place divided by the number of levels of this place that you have seen.
                   A       B       C       D       E      F
               +-------+-------+-------+-------+-------+----------------------
         Total | 100.0 | 100.0 | 100.0 |   N/A | 100.0 | 427.2
       Dungeon |  67.3 |  66.4 | 100.0 |   N/A |  92.5 | 494.0
         Sewer |  32.7 |  33.6 |   0.0 |   N/A |   7.5 | 320.0
               +-------+-------+-------+-------+-------+----------------------

Vault maps used:
D:1:      lightli_arrival_flooded_house
D:2:      first_ration, grunt_ministairs_4, uniq_sigmund
D:3:      nicolae_overflow_hidden_temple, minitemple, solitary_fountain,
          lexackson_kobold_supper
D:4:      portal_sewer_entry_b, uniq_eustachio
D:5:      temple_statues, uniq_ijyb
D:6:      lemuel_doored_altar, uniq_edmund
D:7:      hangedman_abyss_or_decor_lesser_grid
D:8:      grunt_ministairs_2, uniq_gastronok
Temple:   jpeg_temple_alley_garden
Sewer:    sewer_minmay_treatment
